 Dungeon Crawl Stone Soup version 0.26.1-11-gd32895ea62 (webtiles) character file.

Game seed: 1621949246287940930

226 ubername the Ducker (level 6, 0/46 HPs)
             Began as a Merfolk Gladiator on May 26, 2021.
             Succumbed to an orc wizard's poison
             ... on level 4 of the Dungeon.
             The game lasted 00:08:35 (4687 turns).

ubername the Ducker (Merfolk Gladiator)             Turns: 4687, Time: 00:08:36

Health: 0/46       AC:  7    Str: 15    XL:     6   Next: 1%
Magic:  6/6        EV: 13    Int:  7    God:
Gold:   201        SH:  4    Dex: 17    Spells: 5/5 levels left

rFire    . . .     SeeInvis .   a - +0 rapier
rCold    . . .     Faith    .   m - +0 buckler
rNeg     . . .     Spirit   .   q - +0 ring mail
rPois    .         Reflect  .   c - +0 helmet
rElec    .         Harm     .   (no cloak)
rCorr    .         Rampage  .   i - +0 pair of gloves
Will     .....                  (no boots)
Stlth    +.........             (no amulet)
HPRegen  0.15/turn              (no ring)
MPRegen  0.10/turn              (no ring)

@: lethally poisoned (0 -> -20), slowed, very slow
A: change form in water, swift swim, stealthy swim
a: no special abilities


You were on level 4 of the Dungeon.
You visited 1 branch of the dungeon, and saw 4 of its levels.

You collected 201 gold pieces.

Inventory:

Hand Weapons
 a - a +0 rapier (weapon)
 l - a +0 long sword
 w - a +0 long sword
Missiles
 d - 2 throwing nets
 v - 5 atropa-tipped darts (quivered)
 x - 2 poisoned darts
Armour
 b - a +0 leather armour
 c - a +0 helmet (worn)
 e - a +0 ring mail
 g - a +0 scale mail
 i - a +0 pair of gloves (worn)
 m - a +0 buckler (worn)
 q - a +0 ring mail (worn)
 s - a +0 pair of gloves
Wands
 u - a wand of acid (8)
Scrolls
 f - 8 scrolls of identify
 h - 4 scrolls of magic mapping
 k - a scroll of immolation {unknown}
 o - a scroll of enchant weapon {unknown}
 p - a scroll of enchant armour {unknown}
 r - a scroll of teleportation
Potions
 j - a potion of attraction {unknown}
 n - a potion of haste {unknown}
 t - a potion of heal wounds {unknown}
 z - a potion of curing


   Skills:
 + Level 2.9 Fighting
 + Level 4.9(5.2) Short Blades
 * Level 2.1(3.6) Long Blades
 + Level 2.5 Throwing
 + Level 1.3 Armour
 * Level 5.2 Dodging
 + Level 1.5 Stealth
 + Level 0.1 Shields


You had 5 spell levels left.
You didn't know any spells.
Your spell library contained the following spells:

 Spells                   Type           Power        Failure   Level
 Animate Skeleton         Necr           0%           83%         1
 Apportation              Tloc           0%           83%         1
 Corona                   Hex            0%           83%         1
 Shock                    Conj/Air       0%           83%         1
 Summon Small Mammal      Summ           0%           83%         1


Dungeon Overview and Level Annotations

Branches:
Dungeon (4/15)
 Temple: D:4-7

Altars:
Sif Muna
Trog


Message History

The orc wizard casts a spell at you. The magic dart hits you.
The orc hits you but does no damage.
Things that are here:
a +0 hand axe; an atropa-tipped dart You barely miss the orc.
The orc is heavily wounded.
You feel very sick. The orc hits you with a +0 short sword.
* * * LOW HITPOINT WARNING * * *
You hit the orc.
You kill the orc!
* * * LOW HITPOINT WARNING * * *
You feel very sick. The orc wizard closely misses you.
The orc wizard casts a spell at you. The magic dart hits you.
* * * LOW HITPOINT WARNING * * *
You barely miss the orc wizard.
The orc wizard is almost dead.
You die...

####.... #...
#..#...### #...#
...#....##...#
#..........# #####
#....#...# #.#.##
#.....#..##..
##...###..(........#
#....#..##........#
#####..o@..###....o.##
#### #.#
##..)..###..####.#
#....##.###......(#..##
o
#...##.#........#...##
#..###....#...###..#
#^.##(..##..## #.#
##..##†.##...# ..#
####.......#...## ..
.......###.....#


You could see an orc wizard (fast).

Vanquished Creatures
  2 orc wizards (D:3)
  3 gnolls (D:3)
  4 adders
  5 worms (D:2)
  7 dart slugs
  3 leopard geckos
  3 orcs (D:4)
  5 bats
  3 giant cockroaches
  7 goblins
  9 hobgoblins
  2 quokkas
  A ball python (D:3)
  4 frilled lizards
  8 kobolds
  A quokka skeleton (D:4)
  6 rats
73 creatures vanquished.

Notes
Turn   | Place    | Note
-------+----------+-------------------------------------------
     0 | D:1      | ubername the Merfolk Gladiator began the quest for the Orb.
     0 | D:1      | Reached XP level 1. HP: 16/16 MP: 1/1
   150 | D:1      | Reached XP level 2. HP: 15/22 MP: 2/2
   689 | D:1      | Reached XP level 3. HP: 26/28 MP: 3/3
  1061 | D:2      | Reached skill level 1 in Stealth
  1389 | D:2      | Found a bloodstained altar of Trog.
  1861 | D:2      | Reached skill level 1 in Long Blades
  1861 | D:2      | Reached XP level 4. HP: 32/34 MP: 4/4
  2772 | D:3      | Found a shimmering blue altar of Sif Muna.
  2787 | D:3      | Reached skill level 1 in Armour
  2787 | D:3      | Reached XP level 5. HP: 36/39 MP: 5/5
  2787 | D:3      | Identified Sif Muna's Catalogue of Flight
  3106 | D:3      | Reached skill level 5 in Dodging
  4669 | D:4      | Reached XP level 6. HP: 46/46 MP: 6/6
  4686 | D:4      | HP: 2/46 [orc wizard/magic dart (4)]
  4687 | D:4      | Succumbed to an orc wizard's poison

Illustrated notes

Levels and vault maps discovered:
D:1:      dpeg_arrival_concentric_ovals, layout_basic, grunt_decor_fettered,
          minmay_split_cup_small
D:2:      layout_basic, trog_three_pillars_becter
D:3:      layout_loops_ring, led_sif_book
D:4:      layout_layer_cave

Skill      XL: |  1  2  3  4  5 |
---------------+----------------+-----
Short Blades   | 4 |  4.9
Stealth        | 1 |  1.5
Long Blades    | 1 2 |  2.1
Armour         | 1 |  1.3
Dodging        | 5 |  5.2
Fighting       | |  2.9
Throwing       | |  2.5
Shields        | |  0.1

Action                   |  1- 3 |  4- 6 || total
-------------------------+-------+-------++-------
Melee: Rapier            |   102 |   148 ||   250
       Tailslap          |       |     1 ||     1
Throw: Dart              |       |    19 ||    19
       Throwing net      |       |     4 ||     4
Evoke: Wand              |       |     1 ||     1
  Use: Scroll            |     1 |     5 ||     6
       Potion            |       |     1 ||     1
 Stab: Sleeping          |     3 |     1 ||     4
       Invisible         |       |     1 ||     1
Armor: Leather armour    |    23 |    14 ||    37
       Ring mail         |       |    24 ||    24
Dodge: Dodged            |    51 |    96 ||   147
Block: Buckler           |       |    11 ||    11
